 Dungeon Crawl Stone Soup version 0.22-a0-398-g8bb545f (webtiles) character file.

65 erloom the Insei (level 3, -5/29 HPs)
             Began as a Demonspawn Monk on May 5, 2018.
             Killed by nerve-wracking pain
             ... invoked by an orc priest
              (10 damage)
             ... on level 3 of the Dungeon.
             The game lasted 00:04:54 (2471 turns).

erloom the Insei (Demonspawn Monk)                  Turns: 2471, Time: 00:04:55

Health: -5/29      AC:  6    Str: 11    XL:     3   Next: 94%
Magic:  3/3        EV: 11    Int: 12    God:
Gold:   89         SH:  0    Dex: 15    Spells: 2/2 levels left

rFire    + . .     SeeInvis .     - Unarmed
rCold    + . .     Gourm    .   (no shield)
rNeg     . . .     Faith    .   f - +0 scale mail
rPois    +         Spirit   .   (no helmet)
rElec    +         Reflect  .   (no cloak)
rCorr    +         Harm     .   (no gloves)
MR       .....                  (no boots)
Stlth    +.........             (no amulet)
HPRegen  0.09/turn              (no ring)
MPRegen  0.08/turn              (no ring)

@: resistant
A: repulsion field 1
a: no special abilities


You were on level 3 of the Dungeon.
You were hungry.

You visited 1 branch of the dungeon, and saw 4 of its levels.

You collected 89 gold pieces.

Inventory:

Armour
 a - a +0 robe
 f - a +0 scale mail (worn)
 h - a +0 robe
 l - a +0 scale mail
Scrolls
 e - a scroll of identify
 j - a scroll of remove curse
 k - a scroll of fog {unknown}
Potions
 c - a potion of resistance
 g - a potion of lignification {unknown}
Comestibles
 b - 2 rations


   Skills:
 - Level 3.0 Fighting
 - Level 2.6 Dodging
 - Level 1.7 Stealth
 + Level 4.4 Unarmed Combat


You had 2 spell levels left.
You didn't know any spells.

Dungeon Overview and Level Annotations

Branches:
Dungeon (4/15)
 Temple: D:4-7

Altars:
Gozag
Sif Muna

Annotations:
D:4 1 transporter


Innate Abilities, Weirdness & Mutations

You are surrounded by a mild repulsion field. (EV +2)


Message History

Unknown command.
You hit the orc priest but do no damage.
The orc priest is severely wounded.
The bat hits you but does no damage.
Unknown command.
Unknown command.
You hit the orc priest but do no damage.
The orc priest is severely wounded.
The orc priest calls down the wrath of Beogh upon you.
Beogh smites you!
* * * LOW HITPOINT WARNING * * *
The bat hits you but does no damage.
Unknown command.
Unknown command.
It was a potion of resistance.
You feel protected. The bat barely misses you.
The orc priest mumbles some strange prayers to Beogh against you.
Pain shoots through your body!
You die...

....................#...........
...................#...........
#....# #..........#...........
#....# #..........#...........
####....###..........#...........
........')...........#...........
####....####.#.#.#.######.#.####.
#....# #.....o..#####.#.# #.
###### #.#.#@#.#...##...####.
########...b.......###.......
.........#.#>#.#...# #..#....
...................# #..#....
.........#.#.#.#...# ##.#....
..........+........####.#....
..........##...........#.....
..........############.#.....
..........# #####.#.....


You could see an orc priest and a bat.

Vanquished Creatures
  4 adders
  A dart slug (D:2)
  A leopard gecko (D:3)
  3 orcs (D:3)
  A giant cockroach (D:1)
  5 hobgoblins
  3 kobolds
  A quokka (D:3)
  A bat (D:2)
  5 rats
25 creatures vanquished.

Notes
Turn   | Place    | Note
-------+----------+-------------------------------------------
     0 | D:1      | erloom the Demonspawn Monk began the quest for the Orb.
     0 | D:1      | Reached XP level 1. HP: 18/18 MP: 1/1
   111 | D:1      | Reached skill level 3 in Unarmed Combat
   689 | D:1      | Gained mutation: You are surrounded by a mild repulsion field. (EV +2) [demonic ancestry]
   689 | D:1      | Reached XP level 2. HP: 17/24 MP: 2/2
   952 | D:2      | Noticed a black bear
  1076 | D:3      | Reached XP level 3. HP: 28/29 MP: 3/3
  1087 | D:3      | Found an opulent altar of Gozag.
  1592 | D:3      | Reached skill level 4 in Unarmed Combat
  2198 | D:4      | Found a transporter.
  2198 | D:4      | Found a deep blue altar of Sif Muna.
  2471 | D:3      | Killed from afar by an orc priest

Vault maps used:
D:1:      lemuel_arrival_tunnels
D:2:      fedhas_altar_3
D:3:      grunt_gozag_breadcrumbs, st_stairs_8
D:4:      gammafunk_cloud_chamber, tso_oasis_becter, lemuel_crystal_altar,
          lemuel_coloured_pillars_altar, serial_shops,
          nicolae_shop_overgrown_old_shop, first_ration

Skill      XL: |  1  2  3 |
---------------+----------+-----
Unarmed Combat | 3 4 |  4.4
Fighting       | |  3.0
Dodging        | |  2.6
Stealth        | |  1.7

Action                   || total
-------------------------++-------
Melee: Unarmed           ||   141
       Punch             ||     1
  Use: Scroll            ||     4
       Potion            ||     2
 Stab: Sleeping          ||     1
  Eat: Chunk             ||     4
Armor: Robe              ||    14
       Scale mail        ||    32
Dodge: Dodged            ||   110

Table legend:
 A = Spawn XP
 B = Non-spawn XP
 C = Spawn XP percentage of total XP
 D = Spawn monster count
 E = Non-spawn monster count
 F = Spawn count percentage of total count
 G = Total turns spent on level
                    A         B        C        D         E        F      G
               +---------+---------+-------+---------+---------+-------+---------
         Total |       0 |      94 |   0.0 |       0 |      25 |   0.0 |  2471
               +---------+---------+-------+---------+---------+-------+---------
           D:1 |       0 |      13 |   0.0 |       0 |       8 |   0.0 |   861
           D:2 |       0 |      22 |   0.0 |       0 |       5 |   0.0 |   175
           D:3 |       0 |      59 |   0.0 |       0 |      12 |   0.0 |  1188
               +---------+---------+-------+---------+---------+-------+---------
